 Dungeon Crawl Stone Soup version 0.18-a0-1014-g3bbf375 (webtiles) character file.

56 Duffy the Chopper (level 3, -2/31 HPs)
             Began as a Hill Orc Fighter on Jan 6, 2016.
             Slain by an ogre
             ... wielding a +0 giant club
              (6 damage)
             ... on level 3 of the Dungeon.
             The game lasted 00:01:08 (811 turns).

Duffy the Chopper (Hill Orc Fighter)                 Turns: 811, Time: 00:01:08

Health: -2/31      AC:  6    Str: 18    XL:     3   Next: 97%
Magic:  3/3        EV:  7    Int:  8    God:
Gold:   59         SH:  9    Dex: 11    Spells: 0 memorised, 2 levels left

rFire  . . .     SeeInvis .     a - +0 war axe
rCold  . . .     Gourm    .     b - +0 scale mail
rNeg   . . .     Faith    .     c - +0 shield
rPois  .         Spirit   .     (no helmet)
rElec  .         Dismiss  .     (no cloak)
rCorr  .         Reflect  .     (no gloves)
SustAt .         Harm     .     (no boots)
MR     .....                    (no amulet)
Stlth  ..........               (no ring)
                                (no ring)

@: not resistant to hostile enchantments, extremely unstealthy
A: no striking features
a: no special abilities


You were on level 3 of the Dungeon.
You were not hungry.

You visited 1 branch of the dungeon, and saw 3 of its levels.

You collected 59 gold pieces.


   Skills:
 - Level 3.6 Fighting
 + Level 5.4 Axes
 - Level 3.2 Armour
 - Level 3.2 Shields


You had 2 spell levels left.
You didn't know any spells.

Inventory:

Hand Weapons
 a - a +0 war axe (weapon)
Missiles
 r - 6 tomahawks (quivered)
Armour
 b - a +0 scale mail (worn)
 c - a +0 shield (worn)
Jewellery
 j - an uncursed ring of ice
Scrolls
 e - a scroll of teleportation {unknown}
 h - a scroll of enchant armour {unknown}
 i - a scroll of enchant weapon {unknown}
 k - a scroll of recharging {unknown}
 m - 2 scrolls of magic mapping {unknown}
 o - a scroll of blinking {unknown}
 p - a scroll of identify {unknown}
Potions
 d - a potion of might
 l - a potion of agility {unknown}
 n - 2 potions of curing {unknown}
 q - a potion of poison {unknown}
Comestibles
 f - a bread ration
 g - 3 meat rations

Dungeon Overview and Level Annotations

Branches:
Dungeon (3/15)

Altars:
Pakellas
Trog


Message History

You hit the ogre but do no damage. The ogre hits you with a giant club.
You hit the ogre.
The ogre is lightly wounded.
You block the ogre's attack.
Your shield and scale mail prevent you from hitting the ogre.
The ogre is lightly wounded.
You block the ogre's attack.
You hit the ogre.
The ogre is moderately wounded.
The ogre hits you with a giant club!!
Ouch! That really hurt!
You are too injured to fight recklessly!
You are too injured to fight recklessly!
You are too injured to fight recklessly!
You are too injured to fight recklessly!
You are too injured to fight recklessly!
You are too injured to fight recklessly!
You are too injured to fight recklessly!
You are too injured to fight recklessly!
You are too injured to fight recklessly!
You are too injured to fight recklessly!
You are too injured to fight recklessly!
You are too injured to fight recklessly!
You are too injured to fight recklessly!
You are too injured to fight recklessly!
You are too injured to fight recklessly!
You are too injured to fight recklessly!
You are too injured to fight recklessly!
You completely miss the ogre.
The ogre is moderately wounded.
The ogre hits you with a giant club!
You hit the ogre.
The ogre is heavily wounded.
The ogre hits you with a giant club.
You die...

##)####.# #)# .#### #
#.# .#... #.
#.####..... #..
##......# #
#...#########.......#.#
#.%.....!...........#
#......(########'''##
#...O@..########...###
#.......##0000.#...#00
#.......##0.000#.~.#00
#..)....##000.0#...#.0
#######.##00000#...#.0
#.##00000#...#.0
#.########...### .#


You could see an ogre.

Action                   || total
-------------------------++-------
Melee: War axe           ||   122

Notes
Turn   | Place    | Note
--------------------------------------------------------------
     0 | D:1      | Duffy the Hill Orc Fighter began the quest for the Orb.
     0 | D:1      | Reached XP level 1. HP: 19/19 MP: 1/1
    14 | D:1      | Reached skill level 3 in Axes
    27 | D:1      | Reached XP level 2. HP: 20/26 MP: 2/2
   179 | D:2      | Reached skill level 4 in Axes
   375 | D:2      | Found an oddly glowing altar of Pakellas.
   459 | D:2      | Reached XP level 3. HP: 21/31 MP: 3/3
   671 | D:2      | Found a bloodstained altar of Trog.
   700 | D:3      | Reached skill level 5 in Axes
   802 | D:3      | Noticed an ogre
   811 | D:3      | Slain by an ogre

Vault maps used:
D:1:      enne_arrival_octagon_isle
D:2:      lemuel_doored_altar, bloody_trog, lemuel_coloured_pillars_altar
D:3:      nemelex_altar_shiori, lemuel_round_altar,
          gammafunk_temple_overflow_elements, kennysheep_generic_room_12

Vanquished Creatures
  A worm
  A giant gecko
  10 orcs
  2 giant cockroaches
  3 goblins
  3 hobgoblins
  6 jackals
  2 kobolds
  4 bats
  2 giant newts
  3 rats
37 creatures vanquished.
